 Dungeon Crawl Stone Soup version 0.28-a0-1594-ga885d4b3d6 (webtiles) character file.

Game seed: 13857599282767394351

18 lonewolfV2 the Caller (level 2, 0/11 HPs)
             Began as a Felid Summoner on Jan 20, 2022.
             Succumbed to an adder's poison
             ... on level 2 of the Dungeon.
             The game lasted 00:02:46 (2060 turns).

lonewolfV2 the Caller (Felid Summoner)              Turns: 2060, Time: 00:02:46

Health: 0/11       AC:  1    Str:  4    XL:     2   Next: 48%
Magic:  3/6        EV: 17    Int: 16    God:
Gold:   27         SH:  0    Dex: 16    Spells: 2/5 levels left
                                        Lives:  0   Deaths: 0

rFire   . . .      SeeInvis +   (weapon unavailable)
rCold   . . .      Faith    .   (shield unavailable)
rNeg    . . .      Spirit   .   (armour unavailable)
rPois   .          Reflect  .   (helmet unavailable)
rElec   .          Harm     .   (cloak unavailable)
rCorr   .          Rampage  .   (gloves unavailable)
Will    .....                   (boots unavailable)
Stlth   ++........              (no amulet)
HPRegen 0.03/turn               (no ring)
MPRegen 0.10/turn               (no ring)

@: lethally poisoned (0 -> -4), quick
A: very small, claws 1, fangs 3, see invisible, speed 1, shaggy fur 1, stealthy
paws, no weapons or thrown items, no armour, multi-lived
a: no special abilities


You were on level 2 of the Dungeon.
You visited 1 branch of the dungeon, and saw 2 of its levels.

You collected 27 gold pieces.

Inventory:

Scrolls
 a - 4 scrolls of identify
Potions
 b - a potion of flight {unknown}
 c - a potion of berserk rage {unknown}
 d - a potion of might {unknown}


   Skills:
 + Level 2.8 Dodging
 + Level 2.9 Stealth
 + Level 2.2 Spellcasting
 + Level 4.4 Summonings


You had 2 spell levels left.
You knew the following spells:

 Your Spells              Type           Power      Damage    Failure   Level
a - Summon Small Mammal   Summ           64%        N/A       3%          1
b - Call Imp              Summ           16%        N/A       4%          2

Your spell library contained the following spells:

 Spells                   Type           Power      Damage    Failure   Level
 Call Canine Familiar     Summ           16%        N/A       10%         3
 Summon Guardian Golem    Hex/Summ       8%         N/A       24%         3
 Stone Arrow              Conj/Erth      2%         3d7       52%         3
 Summon Lightning Spire   Summ/Air       8%         N/A       63%         4
 Lehudib's Crystal Spear  Conj/Erth      0%         10d2      100%        8
 Animate Armour           Summ/Erth      Unusable   N/A       N/A         4

Dungeon Overview and Level Annotations

Branches:
Dungeon (2/15)

Altars:


Innate Abilities, Weirdness & Mutations

You have sharp claws.
You have razor-sharp teeth.
You have supernaturally acute eyesight. (SInv)
You cover ground quickly. (Speed+)
You are covered in fur. (AC +1)
Your paws help you pounce on unaware monsters.
You are incapable of wielding weapons or throwing items.
You cannot wear armour.
You gain extra lives every three experience levels.


Message History

Your rat closely misses the adder.
The adder barely misses your quokka. The hobgoblin hits your quokka.
Your quokka closely misses the hobgoblin.
You barely miss the adder. The adder misses you.
The hobgoblin completely misses your quokka.
The adder misses you.
You barely miss the adder.
Your rat bites the adder.
The adder closely misses you. The hobgoblin hits your rat.
Your rat dies!
Your rat's corpse disappears in a puff of smoke!
You scratch the adder but do no damage.
The adder is lightly wounded.
The adder bites you.
Your quokka barely misses the adder.
The adder bites your quokka.
You scratch the adder but do no damage.
The adder is lightly wounded.
The adder closely misses you.
Your quokka closely misses the adder.
The adder bites your quokka but does no damage.
The hobgoblin closely misses your quokka.
The adder barely misses you.
You closely miss the adder.
The adder is lightly wounded.
Your quokka bites the adder.
The adder bites your quokka.
Your quokka dies!
Your quokka's corpse disappears in a puff of smoke!
The adder closely misses you.
You scratch the adder but do no damage.
The adder is lightly wounded.
The adder completely misses you.
You scratch the adder but do no damage. The adder bites you.
You are lethally poisoned!
The adder poisons you! The adder closely misses you.
You scratch the adder but do no damage. You bite the adder, but do no damage.
You feel sick. The adder barely misses you.
You scratch the adder but do no damage.
* * * LOW HITPOINT WARNING * * *
You feel sick. The adder bites you.
* * * LOW HITPOINT WARNING * * *
You miss the adder.
You die...

#.####...........#
#....########....#
###...#######.##.# .
###...##....)..#.#...
#........>...........
#.#.####.......#.#...
#.#.#..........#.# .
#.#.#.##########.#+#+####
#)#.#<..#.....@SS........
#.#.#.#.#.#######........
#.#........# #........
#.#.....#..# #S.......
#.#........# #........
#.##.#####.# #........
#.#..# .# #........
###.##.# ## #........
....##.#


You could see 2 adders.

Vanquished Creatures
  A quokka (D:1)
1 creature vanquished.

Vanquished Creatures (collateral kills)
  2 bats (D:1)
  4 endoplasms
  2 goblins (D:1)
  2 hobgoblins (D:1)
  A ball python (D:1)
  2 kobolds
  A rat (D:1)
14 creatures vanquished.

Grand Total: 15 creatures vanquished

Notes
Turn   | Place    | Note
-------+----------+-------------------------------------------
     0 | D:1      | lonewolfV2 the Felid Summoner began the quest for the Orb.
     0 | D:1      | Reached XP level 1. HP: 7/7 MP: 4/4
   297 | D:1      | Found a faded altar of an unknown god.
   914 | D:1      | Reached XP level 2. HP: 11/11 MP: 3/6
   976 | D:1      | Learned a level 2 spell: Call Imp
  2060 | D:2      | Succumbed to an adder's poison

Illustrated notes

Levels and vault maps discovered:
D:1:      dpeg_arrival_rhombi, layout_basic, ebering_ecumenical_altar_petrified
D:2:      layout_basic, uniq_terence

Action                   || total
-------------------------++-------
Melee: Unarmed           ||    16
       Bite              ||     1
 Cast: Summon Small Mamm ||    25
       Call Imp          ||    12
  Use: Scroll            ||     1
Armor: Skin              ||     3
Dodge: Dodged            ||    39

Table legend: (Time is in decaauts)
 A = Elapsed time spent in this place.
 B = Non-inter-level travel time spent in this place.
 C = Inter-level travel time spent in this place.
 D = Time resting spent in this place.
 E = Time spent auto-exploring this place.
 F = Levels seen in this place.
 G = Mean time per level.
                   A        B        C        D        E       F      G
               +--------+--------+--------+--------+--------+-----+--------+
         Total |   1863 |   1836 |     27 |    666 |    906 |   2 |  931.5 |
       Dungeon |   1863 |   1836 |     27 |    666 |    906 |   2 |  931.5 |
               +--------+--------+--------+--------+--------+-----+--------+

Top non-repeatable levels by time:
     D:1: 1527 daAuts
     D:2: 336 daAuts
